 Dungeon Crawl Stone Soup version 0.28-a0-1629-gf728b707aa (webtiles) character file.

Game seed: 5317386723364797649

42 psuckher the Sneak (level 3, -2/30 HPs)
             Began as a Demonspawn Delver on Jan 24, 2022.
             Was an Initiate of Yredelemnul.
             Killed from afar by an orc wizard (3 damage)
             ... with a magic dart
             ... on level 3 of the Dungeon.
             The game lasted 00:04:59 (478 turns).

psuckher the Sneak (Demonspawn Delver)               Turns: 478, Time: 00:05:00

Health: -2/30      AC:  6    Str: 14    XL:     3   Next: 33%
Magic:  3/3        EV: 12    Int: 11    God:    Yredelemnul [......]
Gold:   31         SH:  0    Dex: 20    Spells: 2/2 levels left

rFire   x . .      SeeInvis .   j - +5 short sword of the Key {flame, rPois rF- Dex+2}
rCold   x . .      Faith    .   (no shield)
rNeg    + . .      Spirit   .   b - +0 leather armour
rPois   +          Reflect  .   e - +0 helmet "Ekhepicw" {Fly rC- rN+ Dex+4}
rElec   .          Harm     .   (no cloak)
rCorr   .          Rampage  .   (no gloves)
Will    .....                   (no boots)
Stlth   +++.......              (no amulet)
HPRegen 0.10/turn               (no ring)
MPRegen 0.08/turn               (no ring)

@: flying
A: rugged brown scales 2
a: Renounce Religion, Recall Undead Harvest


You were on level 3 of the Dungeon.
You worshipped Yredelemnul.
Yredelemnul was noncommittal.
You visited 2 branches of the dungeon, and saw 4 of its levels.

You collected 31 gold pieces.

Inventory:

Hand Weapons
 a - a +0 hand axe
 j - the +5 short sword of the Key (weapon) {flame, rPois rF- Dex+2}
   (You found it on level 5 of the Dungeon)

   It burns those it strikes, dealing additional fire damage.
   Dex:       It affects your dexterity (+2).
   rF:        It makes you vulnerable to fire.
   rPois:     It protects you from poison.
Missiles
 i - 5 poisoned darts (quivered)
Armour
 b - a +0 leather armour (worn)
 e - the +0 helmet "Ekhepicw" (worn) {Fly rC- rN+ Dex+4}
   (You found it on level 5 of the Dungeon)

   Dex:       It affects your dexterity (+4).
   rC:        It makes you vulnerable to cold.
   rN:        It protects you from negative energy.
   Fly:       It grants you flight.
Wands
 g - a wand of digging (2)
Scrolls
 c - a scroll of fog
 d - a scroll of magic mapping
 f - a scroll of identify {unknown}
 h - a scroll of vulnerability {unknown}


   Skills:
 + Level 3.2 Fighting
 + Level 1.8 Axes
 + Level 0.2 Armour
 + Level 1.9 Dodging
 + Level 5.3 Stealth


You had 2 spell levels left.
You didn't know any spells.
Your spell library was empty.

Dungeon Overview and Level Annotations

Branches:
Dungeon (5/15)             Temple (1/1) D:5

Altars:
Cheibriados
Nemelex Xobeh
Qazlal
Sif Muna
Trog
Uskayaw
Vehumet
Xom
Yredelemnul
Zin
The Shining One


Innate Abilities, Weirdness & Mutations

You are mostly covered in rugged brown scales. (AC +2, +5% HP)


Message History

[Y]es or [N]o only, please.
Are you sure you want to stumble around while confused and next to your orc zombie?
You barely miss the orc wizard. The orc closely misses you.
The orc wizard hits you but does no damage.
The orc wizard hits you with a +0 dagger.
* * * LOW HITPOINT WARNING * * *
Your orc zombie hits the orc but does no damage.
The orc hits you but does no damage.
Are you sure you want to stumble around while confused and next to your orc zombie?
Your orc zombie hits the orc but does no damage.
There is an escape hatch in the floor here.
The orc wizard hits you with a +0 dagger.
* * * LOW HITPOINT WARNING * * *
Your orc zombie hits the orc.
You hit the orc wizard but do no damage.
Your orc zombie misses the orc wizard.
The orc wizard gestures at you while chanting.
The magic dart hits you but does no damage.
The orc hits you but does no damage.
There is an escape hatch in the floor here.
You feel less confused.
Your orc zombie barely misses the orc wizard.
The orc hits you but does no damage.
The orc wizard hits you but does no damage.
The orc wizard hits you with a +0 dagger.
* * * LOW HITPOINT WARNING * * *
You closely miss the orc wizard.
Your orc zombie hits the orc wizard but does no damage.
The orc hits you but does no damage.
The orc wizard hits you but does no damage. x2
You hit the orc wizard but do no damage.
The orc hits you with a +0 club.
* * * LOW HITPOINT WARNING * * *
The orc wizard hits you with a +0 dagger.
* * * LOW HITPOINT WARNING * * *
Your orc zombie hits the orc wizard but does no damage.
The orc wizard casts a spell at you. The magic dart hits you.
You die...
Your body rises from the dead as a mindless zombie.

#.# #.### ## #
#########.#.. .....
#.........#.###.#._.
#.#########.#..^....
#.# #####.#....... #.#
#..Z.......... #.#
#...oo........ #.#
#...@o....#### #.#
#.........# #.#
#.........#
#.#######.......#######
#.....................#
#############.........#
#.........# ###########


You could see 2 orc wizards, an orc (ally target) and a friendly orc zombie.

Vanquished Creatures
  A bullfrog skeleton (D:5)
  A hound skeleton (D:3)
  An orc (D:3)
3 creatures vanquished.

Notes
Turn   | Place    | Note
-------+----------+-------------------------------------------
     0 | D:5      | psuckher the Demonspawn Delver began the quest for the Orb.
     0 | D:5      | Reached XP level 1. HP: 18/18 MP: 1/1
    27 | D:5      | Found a staircase to the Ecumenical Temple.
    29 | D:5      | Noticed an iguana
    35 | Temple   | Entered the Ecumenical Temple
   158 | Temple   | Became a worshipper of Yredelemnul the Dark
   207 | D:5      | Identified the +0 helmet "Ekhepicw" {Fly rC- rN+ Dex+4}
   238 | D:5      | Identified the +5 short sword of the Key {flame, rPois rF-
                  | Dex+2}
   253 | D:5      | Noticed an ogre
   278 | D:5      | Noticed a black bear
   278 | D:5      | Noticed a wraith
   332 | D:5      | Found a bloodstained altar of Trog.
   371 | D:5      | Reached skill level 5 in Stealth
   371 | D:5      | Gained mutation: You are partially covered in rugged brown
                  | scales. (AC +1, +3% HP) [demonic ancestry]
   371 | D:5      | Reached XP level 2. HP: 15/24 MP: 2/2
   382 | D:5      | Noticed an ogre
   438 | D:3      | Gained mutation: You are mostly covered in rugged brown
                  | scales. (AC +2, +5% HP) [demonic ancestry]
   438 | D:3      | Reached XP level 3. HP: 18/30 MP: 3/3
   457 | D:3      | Found a shimmering altar of Xom.
   478 | D:3      | HP: 1/30 [orc wizard (1)]
   478 | D:3      | Killed from afar by an orc wizard

Illustrated notes

Levels and vault maps discovered:
D:3:      layout_basic, mainiacjoe_overflow_tiny_flanked,
          shapermc_ecumenical_altar_pompeii
D:4:      layout_rooms, nicolae_hepliaklqana_hazy_memory
D:5:      layout_loops_ring, okawaru_metal_pillars_3, trog_book, temple_statues
Temple:   jpeg_temple_island

Skill      XL: |  1 |
---------------+----+-----
Stealth        | 5 |  5.3
Fighting       | |  3.2
Axes           | |  1.8
Armour         | |  0.2
Dodging        | |  1.9

Action                   || total
-------------------------++-------
Melee: Hand axe          ||    18
       Short sword       ||    13
       Punch             ||     1
Evoke: Wand              ||     1
  Use: Scroll            ||     1
       Potion            ||     1
 Stab: Sleeping          ||     2
Armor: Leather armour    ||    17
Dodge: Dodged            ||    11

Table legend: (Time is in decaauts)
 A = Elapsed time spent in this place.
 B = Non-inter-level travel time spent in this place.
 C = Inter-level travel time spent in this place.
 D = Time resting spent in this place.
 E = Time spent auto-exploring this place.
 F = Levels seen in this place.
 G = Mean time per level.
                   A        B        C        D        E       F      G
               +--------+--------+--------+--------+--------+-----+--------+
         Total |    463 |    366 |     97 |      0 |      0 |   4 |  115.8 |
       Dungeon |    306 |    293 |     13 |      0 |      0 |   3 |  102.0 |
        Temple |    157 |     73 |     84 |      0 |      0 |   1 |  157.0 |
               +--------+--------+--------+--------+--------+-----+--------+

Top non-repeatable levels by time:
     D:5: 215 daAuts
  Temple: 157 daAuts
     D:3: 87 daAuts
     D:4: 2 daAuts
